 Dungeon Crawl Stone Soup version 0.22.1-2-g9c5b331383 (webtiles) character file.

525 Forgol the Conjurer (level 7, -1/40 HPs)
             Began as a Deep Elf Conjurer on Dec 28, 2018.
             Slain by an ice beast (9 damage)
             ... on level 4 of the Dungeon.
             The game lasted 00:32:32 (6011 turns).

Forgol the Conjurer (Deep Elf Conjurer)             Turns: 6011, Time: 00:32:33

Health: -1/40      AC:  2    Str:  6    XL:     7   Next: 2%
Magic:  1/18       EV: 13    Int: 21    God:
Gold:   193        SH:  0    Dex: 15    Spells: 10/18 levels left

rFire    . . .     SeeInvis .   n - +1 whip (freeze)
rCold    . . .     Gourm    .   (no shield)
rNeg     . . .     Faith    .   a - +0 robe
rPois    .         Spirit   .   (no helmet)
rElec    .         Reflect  .   (no cloak)
rCorr    .         Harm     .   (no gloves)
MR       .....                  (no boots)
Stlth    ++........             (no amulet)
HPRegen  0.13/turn              l - ring of flight
MPRegen  0.16/turn              (no ring)

@: no status effects
A: no striking features
a: Evoke Flight


You were on level 4 of the Dungeon.
You were not hungry.

You visited 1 branch of the dungeon, and saw 5 of its levels.

You collected 193 gold pieces.

Inventory:

Hand Weapons
 d - a +0 dagger
 h - a +0 short sword
 i - a +4 vampiric dagger
 n - a +1 whip of freezing (weapon)
 t - a +0 hunting sling
Missiles
 k - 38 stones (quivered)
 q - 94 sling bullets
Armour
 a - a +0 robe (worn)
Jewellery
 l - a ring of flight (left hand)
Scrolls
 r - 3 scrolls of identify
Potions
 f - 2 potions of flight {unknown}
 g - a potion of might {unknown}
 j - a potion of brilliance {unknown}
 m - a potion of lignification {unknown}
Comestibles
 c - 5 rations


   Skills:
 + Level 2.0 Fighting
 + Level 2.4 Dodging
 - Level 2.4 Stealth
 * Level 6.3 Spellcasting
 + Level 7.4 Conjurations


You had 10 spell levels left.
You knew the following spells:

 Your Spells              Type           Power        Failure   Level  Hunger
a - Magic Dart            Conj           ####         1%          1    None
b - Iskenderun's Mystic   Conj           #####...     4%          4    ###....
c - Dazzling Spray        Conj/Hex       ###...       6%          3    #......

Your spell library contained the following spells:

 Spells                   Type           Power        Failure   Level  Hunger
 Searing Ray              Conj           #####.       1%          2    None
 Force Lance              Conj/Tloc      ###.....     21%         4    ###....
 Fulminant Prism          Conj/Hex       ###.......   21%         4    ###....


Dungeon Overview and Level Annotations

Branches:
Dungeon (5/15)
 Temple: D:4-7

Altars:
Kikubaaqudgha
Ru
Uskayaw
Wu Jian
Yredelemnul
The Shining One

Shops:
D:4 *


Message History

The ice beast closely misses you.
A bullfrog zombie comes into view.
The bullfrog zombie hits you.
* * * LOW HITPOINT WARNING * * *
The bullfrog zombie hits you but does no damage.
There is a stone staircase leading up here.
The bullfrog zombie barely misses you. The ice beast misses you.
You climb upwards.
There is a stone staircase leading down here.
Casting: Dazzling Spray (safe; 6% risk of failure)
Confirm with . or Enter, or press ? or * to list all spells.
Aiming: Magic Dart (safe; 1% risk of failure)
Press: ? - help, Shift-Dir - straight line, f - ice beast
Aim: an ice beast (severely wounded)
The magic dart hits the ice beast.
The ice beast is almost dead.
The ice beast hits you.
* * * LOW HITPOINT WARNING * * *
The ice beast freezes you!
You die...

.## #.........#
#.############## ##
#.......######..............#
#
#.....>......#############...
# #.......####...## #... #
#.......###.....#### #...
#.............#....#######...
#.......###...####...........
######### #.Y............#...
#.@.##########..... #...#
###... #...# #... ##### ####


You could see an ice beast.

Vanquished Creatures
  A scorpion (D:4)
  4 orc priests
  2 orc wizards
  A centaur skeleton (D:4)
  Terence (D:2)
  3 worker ants
  Robin (D:1)
  6 adders
  A worm (D:2)
  A dart slug (D:1)
  A leopard gecko (D:2)
  11 orcs
  2 ball pythons
  8 bats
  6 giant cockroaches
  17 goblins
  9 hobgoblins
  10 jackals
  A quokka (D:3)
  A frilled lizard (D:2)
  A giant cockroach zombie (D:5)
  7 kobolds
  A quokka zombie (D:5)
  7 rats
103 creatures vanquished.

Notes
Turn   | Place    | Note
-------+----------+-------------------------------------------
     0 | D:1      | Forgol the Deep Elf Conjurer began the quest for the Orb.
     0 | D:1      | Reached XP level 1. HP: 10/10 MP: 6/6
   414 | D:1      | Reached XP level 2. HP: 15/15 MP: 5/8
   557 | D:1      | Reached skill level 5 in Conjurations
  1227 | D:2      | Noticed Robin
  1283 | D:1      | Killed Robin
  1283 | D:1      | Reached XP level 3. HP: 13/19 MP: 2/9
  1637 | D:2      | Reached skill level 6 in Conjurations
  1980 | D:2      | Found a sacrificial altar of Ru.
  1987 | D:2      | Reached XP level 4. HP: 24/24 MP: 3/10
  2071 | D:2      | Learned a level 4 spell: Iskenderun's Mystic Blast
  2176 | D:2      | Noticed Terence
  2182 | D:2      | Killed Terence
  2498 | D:2      | Found an ornate altar of the Wu Jian Council.
  2657 | D:2      | Reached XP level 5. HP: 20/28 MP: 4/12
  3077 | D:2      | Found a glowing golden altar of the Shining One.
  3080 | D:2      | Noticed an angel
  3083 | D:2      | Found a basalt altar of Yredelemnul.
  3086 | D:2      | Noticed a profane servitor
  4115 | D:3      | Found a hide-covered altar of Uskayaw.
  4217 | D:3      | Reached skill level 1 in Fighting
  4410 | D:3      | Reached skill level 7 in Conjurations
  4649 | D:3      | Found an ancient bone altar of Kikubaaqudgha.
  4757 | D:3      | Reached skill level 5 in Spellcasting
  4757 | D:3      | Reached XP level 6. HP: 27/34 MP: 9/15
  4875 | D:4      | Found Jimoulox's Assorted Antiques.
  5786 | D:4      | Reached XP level 7. HP: 40/40 MP: 12/18
  5834 | D:4      | Learned a level 3 spell: Dazzling Spray
  5874 | D:5      | Entered Level 5 of the Dungeon
  6011 | D:4      | Slain by an ice beast

Skill      XL: |  1  2  3  4  5  6 |
---------------+-------------------+-----
Conjurations   | 5 6 7 |  7.4
Spellcasting   | 5 6 |  6.3
Fighting       | 1 2 |  2.0
Dodging        | |  2.4
Stealth        | |  2.4

Action                   |  1- 3 |  4- 6 |  7- 9 || total
-------------------------+-------+-------+-------++-------
Melee: Short sword       |       |    18 |       ||    18
 Cast: Magic Dart        |    80 |   129 |     6 ||   215
       Iskenderun's Myst |       |    16 |     5 ||    21
       Dazzling Spray    |       |       |     1 ||     1
  Use: Scroll            |       |       |     5 ||     5
  Eat: Chunk             |     3 |    11 |     1 ||    15
       Ration            |       |     1 |       ||     1
Armor: Robe              |       |     9 |     1 ||    10
Dodge: Dodged            |     4 |    19 |     4 ||    27
